 Dungeon Crawl Stone Soup version 0.14-a0-1546-g4b4961f (webtiles) character file.

18592 PolkaDot the Reanimator (level 12, -2/80 HPs)
             Began as a Vampire Necromancer on Dec 19, 2013.
             Was a High Priest of Vehumet.
             Slain by an ice beast (9 damage)
             ... in an ice cave on Dec 20, 2013.
             The game lasted 02:02:40 (15571 turns).

PolkaDot the Reanimator (Vampire Necromancer)      Turns: 15571, Time: 02:02:41

HP  -2/80        AC 10     Str  7      XL: 12   Next: 28%
MP   3/27        EV 14     Int 24      God: Vehumet [*****.]
Gold 120         SH  0     Dex 14      Spells:  4 memorised, 15 levels left

rFire  . . .     SeeInvis +     a - +1 elf cutlass
rCold  . . .     Clarity  .     H - +3 leather armour {rPois}
rNeg   . . .     Conserve .     (no shield)
rPois  +         rCorr    .     c - +1 helmet {Int+3}
rElec  .         rRot     .     (no cloak)
SustAb . .       Spirit   .     (no gloves)
rMut   .         Warding  .     s - +0 pair of orc boots
Saprov . . .     Stasis   .     (no amulet)
                                e - +4 ring of evasion
                                F - ring of invisibility

@: regenerating quickly, very slightly contaminated, somewhat resistant to
hostile enchantments, fairly stealthy
A: bottle blood, fangs 3, see invisible, unbreathing
a: Bottle Blood, Renounce Religion, Evoke Invisibility


You were in an ice cave.
You worshipped Vehumet.
Vehumet was extremely pleased with you.
You were very full.

You visited 3 branches of the dungeon, and saw 14 of its levels.
You also visited: Ice Cave.

You collected 635 gold pieces.
You spent 515 gold pieces at shops.

Inventory:

Hand weapons
 a - a +1,+1 elven cutlass (weapon)
Armour
 c - a +1 helmet of intelligence (worn)
 s - a +0 pair of orcish boots (worn)
 H - a +3 leather armour of poison resistance (worn)
Magical devices
 p - a wand of polymorph (2)
Scrolls
 g - 2 scrolls of magic mapping
 m - 3 scrolls of amnesia
 n - 3 scrolls of identify
 u - 2 scrolls of fog
Jewellery
 e - a +4 ring of evasion (right hand)
 F - a ring of invisibility (left hand)
Potions
 q - 6 potions of blood
Books
 d - a book of Wizardry

   Spells                             Type                      Level
   Summon Elemental                   Summoning                    4
   Agony                              Necromancy                   5
   Force Lance                        Conjuration                  5
   Fireball                           Conjuration/Fire             5
   Haste                              Charms                       6
   Invisibility                       Hexes                        6


   Skills:
 + Level 2.9 Fighting
 - Level 2.5 Short Blades
 - Level 4.6 Armour
 - Level 2.1 Dodging
 - Level 3.0 Stealth
 - Level 7.7 Spellcasting
 - Level 13.4 Necromancy
 * Level 10.8 Air Magic
 - Level 6.1 Evocations


You had 15 spell levels left.
You knew the following spells:

 Your Spells              Type           Power        Failure   Level  Hunger
a - Shock                 Conj/Air       ####         1%          1    None
d - Vampiric Draining     Necr           ######....   1%          3    None
r - Regeneration          Chrm/Necr      #####.....   1%          3    None
s - Control Undead        Necr           ######....   1%          4    ###....


Dungeon Overview and Level Annotations

Branches:
Dungeon (12/16)            Temple (1/1) D:5             Orc (0/4) D:12
   Lair (1/8) D:11

Altars:
Ashenzari
Cheibriados
Elyvilon
Fedhas
Kikubaaqudgha
Makhleb
Nemelex Xobeh
Okawaru
Sif Muna
Trog
Vehumet
Xom
Yredelemnul
Zin
the Shining One

Shops:
D:6 [   D:11 ?

Annotations:
D:12 Drahman's ghost, powerful MiFi


Innate Abilities, Weirdness & Mutations

Your natural rate of healing is unusually fast.
You can bottle blood from corpses.
You have razor-sharp teeth.*
You have supernaturally acute eyesight.
You can survive without breathing.*


Message History

You hit the ice beast but do no damage.
The ice beast is heavily wounded.
The ice beast barely misses you. The ice beast hits you.
The ice beast freezes you. The ice beast misses you. The ice beast hits you.
The ice beast freezes you.
* * * LOW HITPOINT WARNING * * *
The ice beast misses you.
Read which item? (? for menu, Esc to quit)
As you read the scroll of summoning, it crumbles to dust.
Wisps of shadow whirl around you...
The ice beast hits you but does no damage.
The ice beast hits you.
* * * LOW HITPOINT WARNING * * *
The ice beast freezes you!
* * * LOW HITPOINT WARNING * * *
The ice beast hits you but does no damage.
The ice beast hits you.
* * * LOW HITPOINT WARNING * * *
The ice beast freezes you!
You die...

####
####...###
##........#
##..........#
##...........#
#...I...8..8.#
#..II.....)..#
#.∩@I....!.©.#
#.ZII.....$..
#..I..Z.8..8.
##...........
##.........
##.......
####... ##


You could see 5 ice beasts, 2 friendly ice beasts, a friendly yak simulacrum and
a friendly polar bear simulacrum.

Vanquished Creatures
  Erolcha (D:8)
  An unseen horror (D:10)
  3 hill giants
  Pikel (D:8)
  Joseph (D:8)
  A cyclops (D:11)
  An octopode (D:10)
  3 trolls
  Prince Ribbit (D:6)
  A slime creature (D:8)
  31 yaks
  2 wyverns
  A shadow (D:11)
  2 hungry ghosts
  Eustachio (D:6)
  A shark (D:10)
  5 hippogriffs
  A hill giant skeleton (D:11)
  Edmund (D:6)
  A manticore (D:11)
  Menkaure (D:6)
  12 ice beasts
  3 orc warriors
  A slave (D:8)
  A human (D:7)
  5 sky beasts
  A yellow wasp (D:12)
  5 ogres
  A phantom (D:12)
  3 centaurs
  A giant goldfish (D:10)
  The ghost of HollowCharge the Slasher, an average HESk (D:3)
  A big kobold (D:11)
  Duvessa (D:6)
  A crocodile (D:11)
  A water moccasin (D:11)
  A wyvern zombie (D:7)
  7 giant frogs
  A manticore skeleton (D:6)
  2 jellies
  A yak skeleton (D:7)
  An eye of draining (D:11)
  9 wights
  5 crimson imps
  8 killer bees
  An electric eel (D:10)
  2 goliath beetles
  5 hounds
  2 jellyfish (D:10)
  A centaur zombie (D:10)
  A quasit (D:8)
  Dowan (D:6)
  2 big fish (D:10)
  6 scorpions
  12 worker ants
  3 orc priests
  11 orc wizards
  A giant frog skeleton (D:6)
  5 iguanas
  An ogre zombie (D:12)
  A sheep (D:7)
  A mottled dragon zombie (D:9)
  A sky beast zombie (D:10)
  A hound zombie (D:8)
  2 green rats (D:11)
  A giant centipede (D:10)
  18 adders
  4 giant mites
  4 worms
  An adder zombie (D:9)
  An adder skeleton (D:4)
  An iguana skeleton (D:7)
  5 giant eyeballs
  2 giant geckos
  2 oozes
  30 orcs
  24 bats
  2 bat skeletons (D:5)
  2 giant cockroaches (D:3)
  9 hobgoblins
  5 quokkas
  A ball python (D:4)
  12 giant newts
  10 goblins
  A goblin zombie (D:5)
  A hobgoblin skeleton (D:12)
  6 jackals
  16 kobolds
  An orc skeleton (D:12)
  2 orc zombies (D:12)
  2 quokka skeletons
  24 rats
  3 ballistomycetes (D:11)
384 creatures vanquished.

Vanquished Creatures (collateral kills)
  3 yaks
  An ogre (D:12)
  A wight (D:8)
  A crimson imp (D:7)
  A worker ant (D:12)
  An ogre skeleton (D:4)
  A giant eyeball (D:7)
  2 orcs
  A bat (D:7)
  A hobgoblin (D:7)
  A kobold (D:7)
  A giant newt (D:7)
  A goblin zombie (D:12)
  A hobgoblin zombie (D:12)
  An orc zombie (D:12)
18 creatures vanquished.

Vanquished Creatures (others)
  A bat (D:3)
  A kobold (D:11)
  A giant newt (D:3)
  A giant spore (D:11)
  A fungus (D:9)
5 creatures vanquished.

Grand Total: 407 creatures vanquished

Notes
Turn   | Place    | Note
--------------------------------------------------------------
     0 | D:1      | PolkaDot, the Vampire Necromancer, began the quest for the Orb.
     0 | D:1      | Reached XP level 1. HP: 13/13 MP: 3/3
   388 | D:1      | Reached XP level 2. HP: 16/19 MP: 0/4
   420 | D:1      | Reached skill level 5 in Necromancy
   985 | D:1      | Reached XP level 3. HP: 13/24 MP: 3/6
  1157 | D:2      | Learned a level 3 spell: Vampiric Draining
  1562 | D:2      | Reached skill level 6 in Necromancy
  1642 | D:2      | Found a bloodstained altar of Trog.
  1653 | D:2      | Reached XP level 4. HP: 30/30 MP: 7/7
  2339 | D:3      | Noticed HollowCharge's ghost (average HESk)
  2351 | D:3      | Killed HollowCharge's ghost
  2351 | D:3      | Reached skill level 7 in Necromancy
  2351 | D:3      | Reached XP level 5. HP: 15/35 MP: 9/9
  2460 | D:3      | Found a blossoming altar of Fedhas.
  2464 | D:3      | Found a white marble altar of Elyvilon.
  2465 | D:3      | Found a deep blue altar of Sif Muna.
  2781 | D:3      | Learned a level 4 spell: Control Undead
  3099 | D:4      | Reached skill level 8 in Necromancy
  3099 | D:4      | Reached XP level 6. HP: 18/41 MP: 6/10
  3142 | D:4      | Paralysed by a giant eyeball for 4 turns
  3370 | D:4      | Got a warped hand axe
  3476 | D:4      | Noticed an ogre
  3508 | D:4      | Killed an ogre
  3528 | D:4      | Noticed a phantom
  3596 | D:4      | Reached skill level 9 in Necromancy
  4192 | D:5      | Entered Level 5 of the Dungeon
  4214 | D:5      | Found a staircase to the Ecumenical Temple.
  4221 | Temple   | Entered the Ecumenical Temple
  4442 | Temple   | Became a worshipper of Vehumet
  4511 | D:5      | Got a faintly glowing silver ring
  4514 | D:5      | Identified the ring "Twedyase" {rN+ EV+1} (You found it on level 5 of the Dungeon)
  4594 | D:5      | Reached XP level 7. HP: 20/46 MP: 12/12
  4779 | D:5      | Reached skill level 1 in Short Blades
  4842 | D:5      | Paralysed by a giant eyeball for 2 turns
  5256 | D:6      | Noticed Menkaure
  5265 | D:6      | Killed Menkaure
  5276 | D:6      | Noticed Eustachio
  5288 | D:6      | Killed Eustachio
  5307 | D:6      | Learned a level 3 spell: Regeneration
  5314 | D:6      | Found Graemum's Antique Armour Shoppe.
  5345 | D:6      | Bought a dazzling cloak for 156 gold pieces
  5348 | D:6      | Identified the cursed -4 cloak "Vucixt" {rC+} (You bought it in a shop on level 6 of the Dungeon)
  5353 | D:6      | Bought a runed helmet for 65 gold pieces
  5446 | D:6      | Reached skill level 10 in Necromancy
  5446 | D:6      | Reached XP level 8. HP: 18/52 MP: 11/16
  5450 | D:6      | Noticed Edmund
  5557 | D:6      | Noticed Prince Ribbit
  5558 | D:6      | Noticed Duvessa
  5724 | D:6      | Killed Prince Ribbit
  5724 | D:6      | Reached skill level 1 in Armour
  5834 | D:6      | Noticed Dowan
  5871 | D:6      | Killed Dowan
  6158 | D:6      | Killed Duvessa
  6570 | D:6      | Killed Edmund
  6570 | D:6      | Reached skill level 5 in Spellcasting
  7107 | D:7      | Paralysed by a giant eyeball for 2 turns
  7111 | D:7      | Paralysed by a giant eyeball for 2 turns
  7118 | D:7      | Paralysed by a giant eyeball for 3 turns
  7146 | D:7      | Acquired Vehumet's first power
  7146 | D:7      | Offered knowledge of Magic Dart by Vehumet.
  7368 | D:7      | Paralysed by a giant eyeball for 3 turns
  7475 | D:7      | Reached XP level 9. HP: 48/57 MP: 12/21
  7736 | D:7      | Reached skill level 11 in Necromancy
  8011 | D:8      | Noticed Joseph
  8032 | D:8      | Killed Joseph
  8232 | D:8      | Reached skill level 1 in Fighting
  8583 | D:8      | Offered knowledge of Shock by Vehumet.
  8586 | D:8      | Learned a level 1 spell: Shock
  8590 | D:8      | Noticed Pikel
  8613 | D:8      | Killed Pikel
  8613 | D:8      | Reached XP level 10. HP: 49/67 MP: 13/25
  8645 | D:8      | Noticed Erolcha
  8673 | D:8      | Killed Erolcha
  9068 | D:9      | Reached skill level 12 in Necromancy
  9323 | D:9      | Offered knowledge of Conjure Flame by Vehumet.
  9619 | D:9      | Reached skill level 5 in Air Magic
  9741 | D:9      | Acquired Vehumet's second power
 10179 | D:9      | Reached skill level 1 in Evocations
 10735 | D:10     | Entered Level 10 of the Dungeon
 10874 | D:10     | Reached XP level 11. HP: 72/72 MP: 14/27
 10909 | D:10     | Paralysed by a giant eyeball for 3 turns
 11050 | D:10     | Noticed a hill giant
 11053 | D:10     | Noticed an octopode
 11096 | D:10     | Killed a hill giant
 11165 | D:10     | Killed an octopode
 11328 | D:10     | Offered knowledge of Iskenderun's Mystic Blast by Vehumet.
 11889 | D:10     | Noticed an unseen horror
 11926 | D:10     | Killed an unseen horror
 12042 | D:11     | Noticed a hill giant
 12074 | D:11     | Killed a hill giant
 12208 | D:11     | Noticed a hill giant
 12223 | D:11     | Killed a hill giant
 12223 | D:11     | Reached skill level 13 in Necromancy
 12266 | D:11     | Acquired Vehumet's third power
 12636 | D:11     | Offered knowledge of Venom Bolt by Vehumet.
 12740 | D:11     | Found a staircase to the Lair.
 12800 | D:11     | Found a white marble altar of Elyvilon.
 12901 | D:11     | Reached skill level 5 in Evocations
 13022 | D:11     | Found Nuqef's Magic Scroll Boutique.
 14028 | D:11     | Offered knowledge of Orb of Destruction by Vehumet.
 14410 | D:11     | Bought a scroll of holy word for 90 gold pieces
 14410 | D:11     | Bought a scroll of recharging for 66 gold pieces
 14410 | D:11     | Bought a scroll of summoning for 114 gold pieces
 14410 | D:11     | Bought a scroll of fog for 24 gold pieces
 14430 | D:11     | Reached XP level 12. HP: 78/78 MP: 27/27
 14493 | D:11     | Reached skill level 10 in Air Magic
 14637 | D:12     | Noticed Drahman's ghost (powerful MiFi)
 14672 | D:12     | Found a staircase to the Orcish Mines.
 15359 | Lair:1   | Entered Level 1 of the Lair of Beasts
 15411 | Lair:1   | Found a frozen archway.
 15543 | IceCv    | Entered an ice cave
 15571 | IceCv    | Slain by an ice beast

Action                   |  1- 3 |  4- 6 |  7- 9 | 10-12 || total
-------------------------+-------+-------+-------+-------++-------
Melee: Dagger            |    94 |   263 |       |       ||   357
       Unarmed           |    13 |    19 |       |       ||    32
       Cutlass           |       |    93 |   718 |  1226 ||  2037
 Cast: Pain              |    36 |     3 |       |       ||    39
       Vampiric Draining |     3 |    24 |    58 |   320 ||   405
       Control Undead    |       |     5 |    13 |    15 ||    33
       Regeneration      |       |       |     8 |    18 ||    26
       Shock             |       |       |       |    18 ||    18
 Abil: End Transformatio |       |       |     1 |       ||     1
       Bat Form          |       |       |     1 |       ||     1
       Bottle Blood      |       |       |       |    30 ||    30
       Evoke Invisibilit |       |       |       |     3 ||     3
Evoke: Wand              |       |       |     2 |    10 ||    12
  Use: Potion            |     1 |     4 |    14 |    40 ||    59
       Scroll            |     7 |     6 |    10 |    18 ||    41
 Stab: Sleeping          |     2 |     4 |    10 |    11 ||    27
       Distracted        |       |       |     2 |     2 ||     4
       Betrayed ally     |       |       |     1 |       ||     1
       Paralysed         |       |       |       |     8 ||     8
       Invisible         |       |       |       |     7 ||     7
